Map: Dusk Towers

Players

EJK - Winner!

  • Race: Terran Terran
  • League: Master

Tactyle

  • Race: Zerg Zerg
  • League: Master

VOD

Have the link to the VOD?

Description

Time

  • Played on: Nov. 15, 2015, 1:20 p.m.
  • Length: 19:40
Show
View Real Time Build Order
Export as new Build Order

EJK Terran - Winner!

Build Orders:  

Get SALT Encoding   

  12  0:00  SCV  
  13  0:12  SCV  
  14  0:25  SCV, Supply Depot  
  15  0:46  SCV  
  15  0:48  Barracks  
  16  0:51  Refinery  
  16  0:58  SCV  
  17  1:10  SCV  
  18  1:22  SCV  
  19  1:39  Orbital Command  
  20  1:40  Reaper  
  20  1:42  Command Center  
  20  1:55  Supply Depot  
  20  2:05  SCV  
  21  2:12  Reaper  
  22  2:17  SCV  
  23  2:29  SCV, Factory  
  24  2:38  Command Center  
  24  2:41  SCV  
  25  2:48  Barracks Reactor  
  25  2:53  SCV  
  25  2:54  Orbital Command  
  26  3:01  Refinery  
  26  3:05  SCV  
  27  3:30  SCV x2, Factory  
  29  3:36  Hellion x2  
  29  3:37  Barracks Tech Lab  
  33  3:42  SCV x2  
  35  3:50  Orbital Command  
  35  3:54  SCV x2  
  37  3:57  Hellion  
  37  3:58  Hellion  
  41  4:06  SCV x2  
  41  4:07  Refinery  
  41  4:08  Refinery  
  43  4:10  Supply Depot  
  43  4:16  SCV  
  44  4:20  Hellion x2  
  44  4:22  Cyclone  
  44  4:23  SCV, Supply Depot  
  52  4:25  SCV  
  52  4:28  SCV  
  54  4:33  Barracks Tech Lab, Factory  
  54  4:35  SCV  
  55  4:43  SCV  
  55  4:44  SCV  
  57  4:47  SCV  
  57  4:48  Hellion  
  57  4:49  Supply Depot, Hellion  
  62  4:53  Orbital Command  
  62  4:55  SCV  
  62  4:57  Cyclone  
  62  4:59  SCV  
  67  5:08  SCV  
  68  5:16  SCV  
  68  5:20  SCV  
  70  5:22  SCV  
  70  5:26  Cyclone, Hellion  
  70  5:27  Hellion  
  79  5:28  SCV  
  79  5:29  Cyclone  
  79  5:32  SCV  
  79  5:34  Refinery  
  79  5:35  SCV  
  84  5:40  SCV  
  85  5:45  Refinery  
  85  5:46  Mag-Field Accelerator  
  85  5:51  Infernal Pre-Igniter  
  85  5:55  Supply Depot  
  85  5:56  Supply Depot x2  
  85  6:02  Engineering Bay  
  85  6:10  Starport  
  85  6:17  SCV x3, Cyclone x2  
  94  6:19  Supply Depot  
  94  6:22  Supply Depot  
  94  6:29  SCV x3  
  94  6:34  Missile Turret  
  94  6:35  Missile Turret  
  94  6:36  Missile Turret  
  94  6:38  Missile Turret  
  94  6:41  SCV x2  
  94  6:42  Liberator  
  74  6:48  Missile Turret  
  74  6:50  Missile Turret  
  74  6:51  SCV  
  74  6:53  SCV x2  
  80  7:02  Cyclone  
  80  7:03  Cyclone  
  80  7:06  Hellion  
  80  7:07  SCV  
  80  7:08  SCV  
  90  7:15  SCV  
  88  7:23  Hellion  
  90  7:31  SCV x2  
  90  7:33  Hellion, Missile Turret  
  90  7:34  Cyclone  
  90  7:35  Cyclone, Liberator  
  100  7:44  Hellion, Factory  
  100  7:45  Factory  
  100  7:47  Command Center  
  102  7:54  Hellion  
  102  7:57  Armory  
  107  8:06  Hellion, Cyclone  
  107  8:07  Cyclone  
  115  8:15  Hellion  
  117  8:24  Liberator  
  105  8:35  Hellion  
  105  8:37  Hellion  
  105  8:38  Cyclone  
  105  8:39  Cyclone  
  112  8:43  Factory Tech Lab, Factory Reactor  
  111  8:49  Building Armor  
  111  8:51  Terran Vehicle Weapons Level 1  
  111  8:52  Missile Turret  
  111  8:56  Missile Turret x2  
  111  8:58  Hellion, Missile Turret  
  111  8:59  Hellion, Missile Turret x3  
  115  9:08  Cyclone  
  118  9:10  Cyclone  
  118  9:11  Cyclone  
  116  9:17  Barracks Reactor  
  116  9:20  Hellion x2  
  106  9:35  Hellion x2  
  98  9:40  Cyclone  
  98  9:41  Hellion x2  
  98  9:43  Cyclone  
  111  9:52  Liberator  
  111  9:53  Liberator  
  111  9:55  Missile Turret x2  
  111  9:58  Missile Turret  
  108  10:00  Cyclone  
  108  10:01  Hellion  
  108  10:02  Hellion  
  108  10:03  Hellion x2  
  119  10:12  Refinery  
  119  10:13  Cyclone  
  128  10:15  Cyclone, Missile Turret  
  128  10:17  Missile Turret  
  128  10:19  Planetary Fortress  
  131  10:23  Refinery  
  131  10:28  Hellion x4  
  137  10:44  Cyclone  
  137  10:49  Missile Turret  
  140  10:52  Hellion, Missile Turret  
  140  10:54  Hellion  
  140  11:04  Liberator  
  140  11:05  Liberator  
  140  11:07  Missile Turret  
  140  11:10  Missile Turret  
  140  11:12  Missile Turret  
  140  11:14  Missile Turret  
  140  11:20  Hellion x2, Cyclone  
  140  11:21  Cyclone  
  133  11:42  Cyclone  
  133  11:43  Command Center  
  136  11:52  Cyclone  
  139  11:55  Liberator  
  139  11:56  Liberator  
  139  11:59  Terran Vehicle Weapons Level 2  
  139  12:01  Cyclone  
  140  12:02  Armory  
  140  12:04  Command Center  
  140  12:17  Cyclone  
  127  12:24  Cyclone  
  136  12:30  Hellion x4  
  136  12:34  Supply Depot x2  
  136  12:35  Supply Depot  
  136  12:37  SCV x2  
  140  12:48  SCV  
  140  12:49  SCV x2  
  143  12:52  Liberator x2  
  143  12:56  Cyclone x2  
  149  13:01  Orbital Command  
  152  13:11  Terran Vehicle And Ship Armor Level 1  
  142  13:29  Cyclone x3  
  151  13:34  SCV x2  
  151  13:35  SCV, Liberator x2  
  154  13:47  Missile Turret  
  148  13:52  Hellion  
  148  13:53  Hellion x3  
  150  14:16  Cyclone x2  
  156  14:18  Hellion x3  
  156  14:19  Hellion  
  154  14:44  Cyclone  
  154  14:48  Cyclone  
  154  14:49  Cyclone  
  160  14:53  Hellion x3  
  160  15:20  Cyclone  
  160  15:21  Cyclone  
  166  15:22  Command Center, Hellion  
  168  15:30  Hellion x3  
  174  15:35  Terran Vehicle And Ship Armor Level 2  
  166  15:50  Cyclone  
  166  15:52  Hellion x3, Cyclone  
  176  16:05  Hellion x2  
  180  16:16  Hellion  
  180  16:17  Hellion x2  
  182  16:43  Sensor Tower  
  182  16:44  Command Center  
  188  16:47  Hellion x3  
  188  16:48  Cyclone  
  188  16:49  Missile Turret  
  188  16:51  Missile Turret  
  188  16:52  Missile Turret  
  188  16:53  Refinery  
  191  16:58  Refinery  
  188  17:20  Cyclone x2  
  185  17:24  Liberator  
  185  17:27  Liberator  
  185  17:29  Planetary Fortress  
  185  17:30  Missile Turret  
  185  17:35  Cyclone  
  185  17:36  Hellion  
  185  17:37  Hellion x2  
  198  17:52  Cyclone  
  196  17:59  Hellion x2  
  196  18:03  Command Center  
  188  18:54  Cyclone x3  
  188  18:55  Hellion x3  
Show
View Real Time Build Order
Export as new Build Order

Tactyle Zerg 

Build Orders: Hatch First 

Get SALT Encoding   

  12  0:00  Drone  
  13  0:12  Overlord  
  13  0:17  Drone  
  14  0:30  Drone  
  14  0:31  Drone  
  16  0:47  Drone  
  17  0:52  Hatchery  
  17  0:56  Drone  
  17  1:09  Spawning Pool  
  17  1:11  Drone  
  17  1:15  Drone  
  17  1:18  Drone  
  19  1:39  Hatchery  
  18  1:42  Drone  
  18  1:43  Drone  
  20  1:50  Overlord  
  20  1:58  Queen  
  22  2:09  Queen  
  22  2:11  Zergling x2  
  22  2:12  Zergling x2  
  27  2:15  Drone  
  27  2:18  Drone  
  27  2:22  Drone  
  29  2:29  Extractor  
  28  2:30  Drone  
  28  2:31  Extractor  
  28  2:36  Drone  
  29  2:42  Extractor  
  27  2:44  Queen  
  27  2:45  Spore Crawler  
  27  2:51  Queen  
  30  2:56  Drone x2  
  34  3:00  Drone  
  34  3:02  Drone  
  36  3:10  Queen  
  38  3:16  Drone  
  39  3:30  Drone  
  39  3:31  Drone x2  
  39  3:32  Metabolic Boost  
  39  3:33  Overlord  
  42  3:42  Lair  
  42  3:45  Overlord  
  42  3:54  Drone  
  42  3:55  Drone x2  
  44  3:56  Drone  
  44  3:57  Drone  
  48  4:02  Zergling x2  
  48  4:03  Zergling x4  
  48  4:08  Overlord  
  50  4:13  Drone x2  
  50  4:14  Drone  
  53  4:20  Drone x3  
  53  4:21  Drone  
  53  4:24  Drone  
  58  4:33  Drone x3  
  58  4:34  Drone x2, Extractor  
  58  4:35  Extractor  
  58  4:37  Extractor x2  
  59  4:47  Drone  
  59  4:48  Drone x2, Spire  
  59  4:52  Drone x2  
  63  5:01  Overlord  
  63  5:04  Drone x2  
  63  5:05  Drone, Overseer  
  66  5:13  Zergling x2  
  65  5:15  Overlord x2  
  65  5:19  Overlord  
  65  5:21  Zergling x8  
  66  5:59  Mutalisk x7  
  66  6:00  Mutalisk x4  
  66  6:02  Overlord  
  88  6:10  Zerg Flyer Weapons Level 1  
  88  6:15  Overlord  
  88  6:16  Drone  
  89  6:31  Mutalisk x4  
  91  6:48  Mutalisk x3  
  91  6:50  Zergling x2  
  91  6:51  Zergling x14  
  91  6:53  Overlord  
  105  7:01  Overlord  
  105  7:05  Overlord  
  105  7:06  Overlord  
  105  7:11  Hatchery  
  105  7:15  Mutalisk x4  
  91  7:20  Drone x2  
  97  7:30  Mutalisk x3  
  101  7:40  Drone x4  
  101  7:42  Drone x3  
  101  7:43  Drone  
  109  7:46  Mutalisk  
  111  7:53  Roach Warren  
  110  7:59  Drone x2  
  110  8:00  Drone x2  
  110  8:03  Mutalisk x2  
  118  8:13  Mutalisk x4  
  120  8:31  Mutalisk x3  
  124  8:39  Mutalisk  
  122  8:43  Zergling x2  
  122  8:44  Queen, Zergling x16  
  122  8:45  Mutalisk  
  122  8:47  Mutalisk  
  137  8:54  Glial Reconstitution  
  137  8:58  Zergling x14  
  137  9:00  Overlord  
  144  9:03  Overlord  
  144  9:07  Overlord  
  144  9:14  Mutalisk x3  
  105  9:38  Roach  
  105  9:39  Roach x12  
  105  9:41  Mutalisk  
  105  9:43  Drone  
  105  9:44  Drone x2  
  136  9:46  Mutalisk  
  136  9:51  Extractor  
  141  9:52  Roach  
  141  9:53  Roach x5, Extractor  
  141  9:55  Roach  
  150  10:00  Drone x2  
  150  10:02  Mutalisk  
  150  10:04  Drone  
  150  10:05  Drone  
  150  10:06  Drone  
  157  10:11  Mutalisk  
  159  10:16  Drone x6  
  159  10:17  Drone x3  
  159  10:19  Overlord  
  168  10:30  Overlord  
  168  10:31  Zerg Flyer Weapons Level 2  
  167  10:41  Hatchery  
  166  10:45  Mutalisk x5  
  166  10:49  Overlord  
  176  10:52  Infestation Pit  
  176  10:55  Overlord  
  176  10:56  Roach x4  
  183  10:58  Overlord  
  157  11:28  Roach  
  157  11:29  Hydralisk Den, Roach x18  
  194  11:34  Roach x3  
  194  11:35  Roach  
  194  11:40  Hive  
  190  11:48  Mutalisk x4  
  190  11:59  Muscular Augments  
  190  12:05  Hydralisk x4, Zergling x2  
  190  12:06  Zergling x8  
  190  12:07  Zergling x4  
  197  12:08  Overlord  
  161  12:33  Hydralisk x2  
  161  12:34  Hydralisk x4, Zergling x2  
  161  12:35  Hydralisk x4  
  161  12:36  Roach  
  184  12:43  Drone x2  
  186  12:44  Evolution Chamber  
  186  12:46  Evolution Chamber  
  186  12:49  Hydralisk x2  
  186  12:50  Zergling x4  
  190  12:52  Hydralisk  
  192  13:09  Ultralisk Cavern  
  191  13:14  Roach x4  
  188  13:35  Zerg Missile Weapons Level 1, Zerg Ground Armor Level 1  
  188  13:39  Hydralisk  
  188  13:40  Hydralisk x3  
  188  13:41  Roach x2  
  181  13:52  Hydralisk x3  
  181  13:53  Hydralisk x3, Roach x6  
  194  13:58  Hydralisk, Roach  
  198  14:09  Zerg Flyer Weapons Level 3  
  184  14:26  Roach x5  
  184  14:27  Roach x4  
  197  14:59  Viper  
  191  15:00  Viper  
  197  15:07  Extractor  
  197  15:09  Hatchery  
  197  15:11  Viper x3  
  198  15:31  Zerg Ground Armor Level 2, Zerg Missile Weapons Level 2  
  198  15:37  Extractor  
  198  15:41  Extractor  
  196  15:47  Infestor x2  
  196  15:48  Infestor  
  190  15:55  Hydralisk x4, Roach  
  190  15:56  Roach x3  
  193  16:13  Roach x3  
  193  16:37  Pathogen Glands  
  193  16:41  Roach  
  193  16:42  Roach x2  
  193  16:46  Zerg Flyer Armor Level 1  
  159  17:27  Zergling x30  
  159  17:28  Zergling x56  
  196  17:38  Drone x3  
  196  17:39  Drone x3  
  197  17:49  Infestor x2  
  197  17:50  Infestor x2  
  198  17:57  Adrenal Glands  
  180  18:33  Roach x9  
  180  18:34  Roach  
  184  18:54  Hydralisk x3  
  184  18:55  Hydralisk x5, Roach x5  
  158  18:56  Roach x4  
  134  19:04  Roach x4  
  134  19:07  Roach  
  134  19:08  Roach  
  134  19:09  Zergling x2  
  144  19:10  Zergling x8  
Tags
 
Add a new tag
Caveats
  • Supply blocks, unpowered buildings, or Contaminate may cause inaccurate times.
  • Supply counts are checked every 10 seconds.